 Dungeon Crawl Stone Soup version 0.18.1-48-g4cf74bf (webtiles) character file.

98 PrikolusRex the Skirmisher (level 4, -3/41 HPs)
             Began as a Minotaur Berserker on Sept 7, 2016.
             Was a Believer of Trog.
             Slain by Natasha (6 damage)
             ... on level 2 of the Dungeon.
             The game lasted 00:06:09 (1510 turns).

PrikolusRex the Skirmisher (Minotaur Berserker)     Turns: 1510, Time: 00:06:09

Health: -3/41      AC:  5    Str: 27    XL:     4   Next: 44%
Magic:  3/3        EV: 12    Int:  4    God:    Trog [**....]
Gold:   77         SH:  0    Dex: 10    Spells: 0 memorised, 3 levels left

rFire  . . .     SeeInvis .     a - +0 hand axe
rCold  . . .     Gourm    .     k - +0 ring mail
rNeg   . . .     Faith    .     (no shield)
rPois  .         Spirit   .     (helmet restricted)
rElec  .         Dismiss  .     (no cloak)
rCorr  .         Reflect  .     (no gloves)
SustAt .         Harm     .     (no boots)
MR     .....                    (no amulet)
Stlth  +.........               (no ring)
                                (no ring)

@: mighty, slowed, very slow, not resistant to hostile enchantments, very
unstealthy
A: retaliatory headbutt, horns 2
a: Berserk, Trog's Hand, Burn Spellbooks, Renounce Religion


You were on level 2 of the Dungeon.
You worshipped Trog.
Trog was pleased with you.
You were not hungry.

You visited 1 branch of the dungeon, and saw 2 of its levels.

You collected 77 gold pieces.

Inventory:

Hand Weapons
 a - a +0 hand axe (weapon)
 e - a +0 short sword
Missiles
 m - 6 poisoned tomahawks (quivered)
Armour
 b - a +0 animal skin
 g - a +2 helmet
 k - a +0 ring mail (worn)
Jewellery
 h - an uncursed ring of resist corrosion {unknown}
Scrolls
 d - a scroll of teleportation {unknown}
 i - 3 scrolls of identify
 j - a scroll of noise {unknown}
Comestibles
 c - a bread ration
 f - a chunk of flesh
 n - a slice of pizza


   Skills:
 + Level 4.5 Fighting
 + Level 4.4 Axes
 + Level 2.8 Armour
 + Level 3.5 Dodging
 + Level 0.5 Stealth


You had 3 spell levels left.
You didn't know any spells.

Dungeon Overview and Level Annotations

Branches:
Dungeon (2/15)

Altars:

Annotations:
D:2 Natasha


Innate Abilities, Weirdness & Mutations

You reflexively headbutt those who attack you in melee.
You have a pair of horns on your head.


Message History

You see here a stone.
Natasha mumbles some strange words.
You feel less exhausted.
Natasha stares at you and mumbles some strange words.
The magic dart hits you!
As you read the scroll labeled BIVUUH KIJ REP, it crumbles to dust.
You feel blessed for a moment.
It was a scroll of remove curse.
The crimson imp hits you but does no damage.
As you read the scroll labeled VOEGIDIX HOTY, it crumbles to dust.
It is a scroll of identify.
Identify which item? (\ to view known items) (? for menu, Esc to quit)
o - a potion of might The crimson imp grinds its teeth.
The crimson imp blinks!
Natasha stares at you and mumbles some strange words.
The magic dart hits you!
* * * LOW HITPOINT WARNING * * *
You feel very mighty all of a sudden. Natasha claws you.
You die...

.### #.#..## . ..
..... †# #.#.##
.####.#... .#
#...##### ...#....
.# ##...<....
.....##.. .#
#..#######
#.#....[. .# ##.##
######...# .###..#
###(...†)###
.....##
###.h5####.# ..####
#.5@### #..# #.#
######.### ##...
#.## #......# ..5.
#..######.#######..
###.#
##.........†......#
.#
...).##...#########
. .###.#..### ##
#...## #####.####


You could see Natasha, a crimson imp and a white imp.

Vanquished Creatures
  Natasha (D:2)
  3 adders (D:2)
  2 dart slugs
  A giant gecko (D:1)
  A giant cockroach (D:1)
  6 goblins
  7 hobgoblins
  3 jackals (D:2)
  2 quokkas (D:2)
  A ball python (D:2)
  5 bats
  2 giant newts (D:1)
  4 kobolds
  4 rats
42 creatures vanquished.

Notes
Turn   | Place    | Note
--------------------------------------------------------------
     0 | D:1      | PrikolusRex the Minotaur Berserker began the quest for the Orb.
     0 | D:1      | Reached XP level 1. HP: 19/19 MP: 0/0
   119 | D:1      | Reached XP level 2. HP: 21/27 MP: 1/1
   833 | D:1      | Reached ** piety under Trog
  1183 | D:2      | Reached XP level 3. HP: 34/34 MP: 2/2
  1471 | D:2      | Noticed Natasha
  1483 | D:2      | Reached XP level 4. HP: 41/41 MP: 3/3
  1494 | D:2      | Killed Natasha
  1499 | D:2      | Noticed Natasha
  1510 | D:2      | Slain by Natasha

Skill      XL: |  1  2  3 |
---------------+----------+-----
Fighting       | 4 |  4.5
Axes           | 4 |  4.4
Dodging        | 3 |  3.5
Armour         | |  2.8
Stealth        | |  0.5

Action                   |  1- 3 |  4- 6 || total
-------------------------+-------+-------++-------
Melee: Hand axe          |    87 |     9 ||    96
       Headbutt          |    13 |       ||    13
Invok: Berserk           |     1 |       ||     1
  Use: Scroll            |       |     2 ||     2
       Potion            |       |     2 ||     2
  Eat: Meat ration       |     1 |       ||     1
Armor: Animal skin       |    15 |       ||    15
       Ring mail         |    13 |     3 ||    16
Dodge: Dodged            |    46 |     5 ||    51
